 Dungeon Crawl Stone Soup version 0.29.1-15-g9cfb28693d (webtiles) character file.

Game seed: 1919635055569819271

24066 safid the Gelid (level 13, -4/108 HPs)
             Began as a Merfolk Ice Elementalist on Mar 23, 2023.
             Was a Priest of Vehumet.
             Slain by a minotaur
             ... wielding a +5 short sword of venom
              (17 damage)
             ... in a Gauntlet on Mar 24, 2023.
             The game lasted 00:39:26 (16227 turns).

safid the Gelid (Merfolk Ice Elementalist)         Turns: 16227, Time: 00:39:26

Health: -4/108     AC: 16    Str: 10    XL:     13   Next: 10%
Magic:  23/29      EV: 13    Int: 24    God:    Vehumet [***...]
Gold:   647        SH:  0    Dex: 14    Spells: 25/36 levels left

rFire   + . .      SeeInvis +   n - +2 scimitar (flame)
rCold   + . .      Faith    .   (no shield)
rNeg    . . .      Spirit   .   d - +1 robe {rC+ rF+}
rPois   .          Reflect  .   y - +2 hat
rElec   .          Harm     .   j - +0 cloak
rCorr   .          Rampage  .   (no gloves)
Will    .....      NoTele   +   h - +0 pair of boots
Stlth   ++........              (no amulet)
HPRegen 0.28/turn               e - +6 ring of intelligence
MPRegen 0.21/turn               o - ring of see invisible

@: mighty, ice-armoured, freezing walls
A: (nimble swimmer 2), mertail, deformed body
a: Renounce Religion


You were in a Gauntlet.
You worshipped Vehumet.
Vehumet was most pleased with you.
You visited 3 branches of the dungeon, and saw 12 of its levels.
You also visited: Gauntlet.

You collected 647 gold pieces.

Inventory:

Hand Weapons
 n - a +2 scimitar of flaming (weapon)
Armour
 d - a +1 robe of resistance (worn)
 h - a +0 pair of boots (worn)
 j - a +0 cloak (worn)
 y - a +2 hat (worn)
 B - a +0 hat of willpower
Jewellery
 e - a +6 ring of intelligence (left hand)
 o - a ring of see invisible (right hand)
 z - a ring of fire
Wands
 c - a wand of mindburst (7)
 i - a wand of paralysis (5)
 m - a wand of polymorph (7)
 r - a wand of digging (11)
Scrolls
 b - 2 scrolls of blinking
 f - a scroll of amnesia
 l - 2 scrolls of teleportation
 p - a scroll of enchant weapon
 v - 2 scrolls of enchant armour
 w - a scroll of fear
 A - a scroll of torment {unknown}
Potions
 q - 2 potions of ambrosia {unknown}
 s - a potion of attraction {unknown}
 t - a potion of lignification {unknown}
 u - 2 potions of flight {unknown}
 x - a potion of brilliance {unknown}
 C - a potion of mutation
Miscellaneous
 k - a phial of floods


   Skills:
 - Level 12.0 Fighting
 - Level 4.0 Dodging
 - Level 2.1 Stealth
 - Level 12.0 Spellcasting
 + Level 15.4 Ice Magic


You had 25 spell levels left.
You knew the following spells:

 Your Spells              Type           Power      Damage    Failure   Level
a - Freeze                Ice            100%       1d11      0%          1
b - Frozen Ramparts       Ice            100%       1d16      0%          3
c - Ozocubu's Armour      Ice            73%        N/A       1%          3
d - Hailstorm             Conj/Ice       51%        3d11      1%          4

Your spell library contained the following spells:

 Spells                   Type           Power      Damage    Failure   Level
 Sticky Flame             Conj/Fire      14%        2d4       11%         4
 Ensorcelled Hibernation  Hex/Ice        100%       N/A       1%          2
 Scorch                   Fire           28%        2d6       1%          2
 Static Discharge         Conj/Air       14%        3-5/arc   1%          2
 Dazzling Flash           Conj/Hex       28%        N/A       3%          3
 Ignite Poison            Fire/Tmut/Pois 14%        N/A       3%          3
 Mephitic Cloud           Conj/Pois/Air  14%        N/A       3%          3
 Freezing Cloud           Conj/Ice/Air   19%        6-21      4%          5
 Call Imp                 Summ           14%        N/A       6%          2
 Passwall                 Tmut/Erth      11%        N/A       6%          2
 Flame Wave               Conj/Fire      14%        2d6       11%         4
 Iskenderun's Mystic Bla  Conj/Tloc      14%        2d5       11%         4
 Call Canine Familiar     Summ           14%        N/A       13%         3
 Portal Projectile        Hex/Tloc       28%        N/A       13%         3
 Swiftness                Air            14%        N/A       13%         3
 Lightning Bolt           Conj/Air       7%         1d19      28%         5
 Leda's Liquefaction      Hex/Erth       7%         N/A       38%         4
 Summon Forest            Summ/Tloc      7%         N/A       75%         5
 Starburst                Conj/Fire      7%         6d4       82%         6
 Summon Cactus Giant      Summ           7%         N/A       100%        6
 Summon Hydra             Summ           7%         N/A       100%        7
 Maxwell's Capacitive Co  Air            7%         ∞         100%        8


Dungeon Overview and Level Annotations

Branches:
Dungeon (9/15)             Temple (1/1) D:4            Lair (3/5) D:8
  Swamp (0/4) Lair:3      Gauntlet (1/1)
  Snake: Lair:2-3    Spider: Lair:2-3       Orc: D:9-12

Altars:
Dithmenos
Gozag
Hepliaklqana
Kikubaaqudgha
Makhleb
Nemelex Xobeh
Qazlal
Sif Muna
Trog
Uskayaw
Vehumet
Wu Jian
Xom
Yredelemnul
The Shining One

Annotations:
D:3 1 runed translucent door, Crazy Yiuf
D:4 3 runed translucent doors, 123deadman's ghost, amateur HOFi; Grinder
D:5 1 runed translucent door, cowcol's ghost, novice MiFi
D:8 1 runed translucent door Gauntlet 4 transporters


Innate Abilities, Weirdness & Mutations

((You are very nimble when in or above water. (Stealth+, EV+, Speed+++)))
Your lower body shifts to a powerful aquatic tail in water.
Armour fits poorly on your strangely shaped body.


Message History

You feel extremely sick.
The wall freezes the minotaur but does no damage.
The minotaur completely misses you.
The minotaur gores you but does no damage.
Unknown command.
You feel better.
The wall freezes the minotaur but does no damage.
The minotaur barely misses you.
The minotaur gores you but does no damage.
You feel very mighty all of a sudden.
The minotaur resists.
The wall freezes the minotaur.
The minotaur hits you with a +5 short sword of venom!!
You are poisoned.
The minotaur completely misses you.
Unknown command.
You feel better.
The minotaur resists.
The wall freezes the minotaur.
The minotaur hits you but does no damage.
You are poisoned.
The minotaur gores you but does no damage.
Unknown command.
You hit the minotaur but do no damage.
The minotaur is lightly wounded.
You feel very sick.
The wall freezes the minotaur but does no damage.
The minotaur hits you with a +5 short sword of venom!!
* * * LOW HITPOINT WARNING * * *
You are lethally poisoned!
The minotaur gores you but does no damage.
Unknown command.
You feel better.
The minotaur resists.
The wall freezes the minotaur.
The minotaur hits you with a +5 short sword of venom!!
* * * LOW HITPOINT WARNING * * *
You are lethally poisoned!
The minotaur completely misses you.
Unknown command.
Unknown command.
You feel better.
The wall freezes the minotaur but does no damage.
The minotaur hits you with a +5 short sword of venom!
You die...

###### #.##.### ###.....#
#∩##.##.# #.##.##.## .
#.#......# #. #.#.##.###
##.###H#.##.###
.......@......#
#.##.##.##.##.#
##.##.##.##.##.#
...............#
#.##.##.##.##.##
###.##.##.##.##.###
#≈...............≈#
####8.8.8..©.©..8.8.8####
###
#8##≈...............≈##8#
#8#


You could see a minotaur.

Vanquished Creatures
  Gastronok (Lair:2)
  2 hydras
  A centaur warrior (D:9)
  A two-headed ogre (D:9)
  Erica (Lair:1)
  A shining eye (Gauntlet)
  4 elephants (Lair:1)
  An eye of devastation (Gauntlet)
  3 cane toads
  3 black mambas
  2 torpor snails
  7 komodo dragons
  A tengu conjurer (D:9)
  4 polar bears
  A hornet (D:9)
  Prince Ribbit (Lair:1)
  13 blink frogs
  26 yaks
  8 spriggans (Lair:2)
  A golden eye (shapeshifter) (D:9)
  A vampire mosquito (D:9)
  4 steam dragons
  6 water moccasins
  3 small abominations (Gauntlet)
  2 floating eyes (Gauntlet)
  2 large abominations (Gauntlet)
  A black bear (D:5)
  An ice beast (D:5)
  6 wolves
  A phantom (D:5)
  4 kobold brigands (D:9)
  8 bullfrogs
  3 scorpions
  A necrophage (D:5)
  6 wights (D:9)
  3 killer bees (D:9)
  A howler monkey (D:9)
  An orc priest (D:4)
  2 hounds (D:5)
  2 jellies
  Natasha (twice) (D:4)
  An iguana (D:3)
  5 orc wizards
  11 gnolls
  7 adders
  2 white imps
  2 ufetubi (D:6)
  3 worms
  3 dart slugs
  30 orcs
  4 ball pythons
  7 bats
  7 endoplasms
  5 giant cockroaches
  7 goblins
  6 hobgoblins
  3 quokkas
  3 frilled lizards
  3 kobolds
  5 rats
256 creatures vanquished.

Vanquished Creatures (others)
  A wyvern (D:9)
  A bush (Lair:3)
  A demonic plant (Gauntlet)
  13 fungi
  46 plants
62 creatures vanquished.

Grand Total: 318 creatures vanquished

Notes
Turn   | Place    | Note
-------+----------+-------------------------------------------
     0 | D:1      | safid the Merfolk Ice Elementalist began the quest for the
                  | Orb.
     0 | D:1      | Reached XP level 1. HP: 13/13 MP: 3/3
   366 | D:1      | Reached XP level 2. HP: 19/20 MP: 3/5
   449 | D:1      | Reached skill level 1 in Fighting
  1257 | D:2      | Reached XP level 3. HP: 26/26 MP: 4/6
  1546 | D:2      | Found a shadowy altar of Dithmenos.
  2132 | D:2      | Reached skill level 5 in Ice Magic
  2132 | D:2      | Reached XP level 4. HP: 6/33 MP: 3/8
  2556 | D:2      | Learned a level 3 spell: Frozen Ramparts
  2560 | D:2      | Learned a level 3 spell: Ozocubu's Armour
  2587 | D:3      | Reached XP level 5. HP: 34/39 MP: 5/9
  3171 | D:3      | Found a runed translucent door.
  3172 | D:3      | Noticed Crazy Yiuf
  3488 | D:4      | Reached XP level 6. HP: 40/47 MP: 5/11
  4005 | D:4      | Found a runed translucent gate.
  4005 | D:4      | Found a runed translucent gate.
  4005 | D:4      | Found a runed translucent gate.
  4009 | D:4      | Noticed 123deadman's ghost (amateur HOFi)
  4011 | D:4      | Identified the +3 mace of an ossuary {flame, *Rage rF++
                  | rN+++ Will-}
  4016 | D:4      | Noticed Natasha
  4018 | D:4      | Noticed Grinder
  4031 | D:4      | Killed Natasha
  4032 | D:4      | Reached skill level 6 in Ice Magic
  4032 | D:4      | Paralysed by Grinder for 5 turns
  4040 | D:4      | Paralysed by Grinder for 3 turns
  4716 | D:4      | Reached XP level 7. HP: 51/54 MP: 5/13
  4775 | D:4      | Noticed Natasha
  4781 | D:4      | Killed Natasha
  4824 | D:4      | Found a staircase to the Ecumenical Temple.
  4843 | Temple   | Entered the Ecumenical Temple
  5016 | Temple   | Became a worshipper of Vehumet
  5041 | D:5      | Entered Level 5 of the Dungeon
  5240 | D:5      | Found a runed translucent door.
  5241 | D:5      | Noticed a vampire mosquito
  5241 | D:5      | Noticed cowcol's ghost (novice MiFi)
  5320 | D:5      | Found a sparkling altar of Nemelex Xobeh.
  5987 | D:5      | Learned a level 4 spell: Hailstorm
  6063 | D:5      | Reached skill level 5 in Fighting
  6063 | D:5      | Reached XP level 8. HP: 21/62 MP: 12/15
  6281 | D:5      | Reached skill level 7 in Ice Magic
  6367 | D:5      | Noticed a yak
  6376 | D:5      | Killed a yak
  6377 | D:5      | Reached skill level 5 in Spellcasting
  6667 | D:6      | Found a stormy altar of Qazlal.
  7103 | D:6      | You fall into a shaft and drop 3 floors!
  7121 | D:9      | Noticed a two-headed ogre
  7224 | D:8      | Found a staircase to the Lair.
  7226 | D:8      | Noticed a komodo dragon
  7408 | D:8      | Reached * piety under Vehumet
  7408 | D:8      | Offered knowledge of Shock by Vehumet.
  7435 | D:8      | Reached skill level 8 in Ice Magic
  7571 | D:8      | Found a runed translucent door.
  7598 | D:8      | Reached XP level 9. HP: 59/71 MP: 8/18
  7717 | D:8      | Found a basalt altar of Yredelemnul.
  8021 | D:8      | Killed a komodo dragon
  8522 | D:9      | Killed a two-headed ogre
  8523 | D:9      | Reached skill level 9 in Ice Magic
  8722 | D:9      | Noticed a hornet
  8728 | D:9      | Paralysed by a hornet for 1 turns
  8729 | D:9      | Killed a hornet
  8768 | D:9      | Noticed a centaur warrior
  8768 | D:9      | Noticed a boulder beetle
  8776 | D:9      | Noticed a tengu conjurer
  8796 | D:9      | Killed a tengu conjurer
  8797 | D:9      | Reached XP level 10. HP: 82/82 MP: 12/21
  8811 | D:9      | Reached skill level 10 in Ice Magic
  9052 | D:9      | Noticed a flayed ghost
  9306 | D:9      | Noticed a centaur warrior
  9310 | D:9      | Killed a centaur warrior
  9341 | D:9      | Paralysed by a kobold brigand for 3 turns
  9345 | D:9      | Reached ** piety under Vehumet
  9345 | D:9      | Offered knowledge of Static Discharge by Vehumet.
  9653 | Lair:1   | Entered Level 1 of the Lair of Beasts
  9654 | Lair:1   | Noticed a cane toad
  9665 | Lair:1   | Killed a cane toad
  9728 | Lair:1   | Noticed Prince Ribbit
  9759 | Lair:1   | Reached skill level 10 in Fighting
  9759 | Lair:1   | Reached skill level 11 in Ice Magic
  9761 | Lair:1   | Killed Prince Ribbit
  9780 | Lair:1   | Noticed a black mamba
  9787 | Lair:1   | Killed a black mamba
  9788 | Lair:1   | Reached XP level 11. HP: 26/91 MP: 9/23
 10784 | Lair:1   | Noticed Erica
 10793 | Lair:1   | Killed Erica
 10883 | Lair:1   | Noticed a six-headed hydra
 10912 | Lair:1   | Killed a four-headed hydra
 11043 | Lair:1   | Reached skill level 12 in Ice Magic
 11902 | Lair:2   | Reached skill level 10 in Spellcasting
 12582 | Lair:2   | Offered knowledge of Inner Flame by Vehumet.
 12818 | Lair:2   | Reached XP level 12. HP: 95/102 MP: 26/26
 13386 | Lair:2   | Noticed Gastronok
 13416 | Lair:2   | Killed Gastronok
 13417 | Lair:2   | Reached skill level 13 in Ice Magic
 14479 | Lair:2   | Noticed a five-headed hydra
 14487 | Lair:2   | Killed a four-headed hydra
 15045 | Lair:3   | Reached *** piety under Vehumet
 15089 | Lair:3   | Reached skill level 14 in Ice Magic
 15152 | Lair:3   | Offered knowledge of Sticky Flame by Vehumet.
 15181 | Lair:3   | Found a gate leading to a gauntlet.
 15209 | Lair:3   | Found a staircase to the Swamp.
 15244 | Gauntlet | Entered a Gauntlet
 15244 | Gauntlet | Found a transporter.
 15244 | Gauntlet | Found a transporter.
 15332 | Gauntlet | Noticed a catoblepas
 15444 | Gauntlet | Found a transporter.
 15447 | Gauntlet | Found a transporter.
 15447 | Gauntlet | Found a transporter.
 15460 | Gauntlet | Found a transporter.
 15466 | Gauntlet | Found a transporter.
 15487 | Gauntlet | Found a transporter.
 15489 | Gauntlet | Found a transporter.
 15546 | Gauntlet | Found a transporter.
 15562 | Gauntlet | Found a transporter.
 15581 | Gauntlet | Found a transporter.
 15890 | Gauntlet | Paralysed by a floating eye for 3 turns
 15891 | Gauntlet | Gained mutation: Armour fits poorly on your strangely
                  | shaped body. [a shining eye]
 15972 | Gauntlet | Reached XP level 13. HP: 108/108 MP: 15/29
 15982 | Gauntlet | Reached skill level 15 in Ice Magic
 15988 | Gauntlet | Got the Secrets of Illusion
 16216 | Gauntlet | Noticed a minotaur
 16226 | Gauntlet | HP: 1/108 [minotaur/+5 short sword of venom (28)]
 16227 | Gauntlet | Slain by a minotaur

Illustrated notes

Levels and vault maps discovered:
D:1:      amcnicky_arrival_choice, layout_loops_ring,
          amcnicky_mini_corridor_feature, amethyst_killhole, hex_tiny,
          minmay_ruptured
D:2:      layout_loops_cross, basic_altar
D:3:      layout_basic, uniq_crazy_yiuf_cottage
D:4:      layout_layer_cave, minmay_temple_entry_junction_2,
          biasface_ghost_orc_armoury, uniq_grinder, uniq_eustachio, uniq_natasha
D:5:      layout_basic, kennysheep_mini_moat, ebering_ghost_inner_flame,
          hangedman_decor_points, serial_bayou_lagoon_a, minmay_between
D:6:      layout_basic, mainiacjoe_overflow_surrounded_room
D:8:      layout_loops_ring, dk_yredelemnul_ordeal, david_lair_shrubbed
D:9:      layout_rooms, nicolae_rejected_hall
Temple:   hellmonk_temple_flake
Lair:1:   layout_small_grid, uniq_prince_ribbit2, uniq_erica
Lair:2:   kb_forest_paths, layout_regular_city, dreamdust_deal_with_the_devil,
          uniq_gastronok
Lair:3:   layout_regular_city, swamp_mist, nicolae_spider_entry_tight_spaces,
          serial_forest, infiniplex_forest_clump_tiny,
          infiniplex_forest_clump_small, infiniplex_forest_pool,
          infiniplex_forest_lined_3_way, infiniplex_forest_clump_diagonal,
          infiniplex_forest_straight_3, infiniplex_forest_diagonal,
          infiniplex_forest_clump_medium, gauntlet_entry_generic,
          minmay_hedge_maze, fungi_pond_lemuel
Gauntlet: gammafunk_gauntlet_shortcut [nicolae_gauntlet_arena_blocks,
          gammafunk_gauntlet_arena_mazey, gammafunk_gauntlet_arena_chambers,
          nicolae_gauntlet_arena_grate_2, nicolae_gauntlet_arena_flowing_pool,
          gammafunk_gauntlet_arena_split_x, gauntlet_exit_green]

Skill      XL: |  1  2  3  4  5  6  7  8  9 10 11 12 13 |
---------------+----------------------------------------+-----
Fighting       | 1 2 3 4 5 6 8 10 11 12 | 12.0
Ice Magic      | 5 6 8 9 11 12 14 15 | 15.4
Spellcasting   | 3 4 6 7 8 10 12 | 12.0
Dodging        | 3 4 |  4.0
Stealth        | |  2.1

Action                   |  1- 3 |  4- 6 |  7- 9 | 10-12 | 13-15 || total
-------------------------+-------+-------+-------+-------+-------++-------
Melee: Dagger            |   114 |    86 |   130 |    84 |       ||   414
       Punch             |     1 |     2 |     4 |     5 |       ||    12
       Whip              |       |       |   102 |       |       ||   102
       Scimitar          |       |       |       |   180 |     8 ||   188
 Cast: Freeze            |    27 |    40 |    44 |    43 |     2 ||   156
       Frozen Ramparts   |       |    13 |    26 |    43 |     2 ||    84
       Ozocubu's Armour  |       |     4 |    18 |    40 |     2 ||    64
       Hailstorm         |       |       |     1 |    32 |     6 ||    39
Evoke: Wand              |       |       |       |     7 |       ||     7
  Use: Potion            |       |     3 |     1 |     4 |     5 ||    13
       Scroll            |       |       |     8 |     5 |       ||    13
 Stab: Sleeping          |     5 |     2 |     1 |       |       ||     8
Armor: Robe              |    56 |    27 |    81 |   188 |    13 ||   365
Dodge: Dodged            |   103 |    98 |   280 |   259 |     7 ||   747
